 Dungeon Crawl Stone Soup version 0.28.0-43-g3370ac3207 (webtiles) character file.

Game seed: 5345958341472761885

56 issech the Cudgeller (level 3, -2/36 HPs)
             Began as a Troll Monk on Mar 23, 2022.
             Slain by Sigmund
             ... wielding a +0 scythe
              (9 damage)
             ... on level 1 of the Dungeon.
             The game lasted 00:03:44 (1069 turns).

issech the Cudgeller (Troll Monk)                   Turns: 1069, Time: 00:03:45

Health: -2/36      AC:  4    Str: 19    XL:     3   Next: 69%
Magic:  2/2        EV: 10    Int:  6    God:
Gold:   37         SH:  0    Dex: 14    Spells: 2/2 levels left

rFire   . . .      SeeInvis .   a - +0 mace
rCold   . . .      Faith    .   (no shield)
rNeg    . . .      Spirit   .   b - +0 robe
rPois   .          Reflect  .   (helmet restricted)
rElec   .          Harm     .   (no cloak)
rCorr   .          Rampage  .   (gloves unavailable)
Will    .....                   (boots unavailable)
Stlth   ++........              (no amulet)
HPRegen 0.92/turn               (no ring)
MPRegen 0.08/turn               (no ring)

@: no status effects
A: large, unfitting armour, claws 3, regeneration 1, shaggy fur 1, tough skin 1
a: no special abilities


You were on level 1 of the Dungeon.
You visited 1 branch of the dungeon, and saw 2 of its levels.

You collected 37 gold pieces.

Inventory:

Hand Weapons
 a - a +0 mace (weapon)
Armour
 b - a +0 robe (worn)
Magical Staves
 d - a staff of earth
 h - a staff of cold
Jewellery
 g - a ring of fire
Scrolls
 c - 2 scrolls of identify {unknown}
 i - a scroll of summoning {unknown}
Potions
 e - 3 potions of heal wounds {unknown}
 f - a potion of degeneration {unknown}
 j - 2 potions of haste {unknown}


   Skills:
 + Level 2.9 Fighting
 + Level 3.5 Maces & Flails
 + Level 2.7 Dodging
 + Level 1.1 Stealth


You had 2 spell levels left.
You didn't know any spells.
Your spell library contained the following spells:

 Spells                   Type           Power      Damage    Failure   Level
 Sandblast                Erth           0%         2d4       45%         1
 Passwall                 Tmut/Erth      0%         N/A       58%         2
 Stone Arrow              Conj/Erth      0%         3d7       83%         3


Dungeon Overview and Level Annotations

Branches:
Dungeon (2/15)

Altars:

Annotations:
D:1 Sigmund


Innate Abilities, Weirdness & Mutations

You are too large for most types of armour.
You have claws for hands.
Your natural rate of healing is unusually fast.
You are covered in fur. (AC +1)
You have tough skin. (AC +1)


Message History

There is a stone staircase leading up here.
Sigmund closely misses you.
There is a stone staircase leading up here.
You climb upwards.
There is a stone staircase leading down here.
Sigmund barely misses you. Sigmund barely misses you.
Sigmund casts a spell at you.
You are confused.
Sigmund casts a spell at you. You resist with significant effort.
Sigmund misses you.
You feel less confused.
Sigmund hits you from afar with a +0 scythe.
Why would you want to do that?
You enter the shallow water.
Moving in this stuff is going to be slow.
Sigmund points at you and mumbles some strange words.
You are confused.
Sigmund casts a spell at you.
You are more confused.
Sigmund hits you from afar with a +0 scythe!
You nearly stumble into some deep water!
Sigmund casts a spell.
Sigmund flickers and vanishes!
Deactivating autopickup; reactivate with Ctrl-A.
Something hits you!
You nearly stumble into some deep water!
Something hits you. Something hits you.
Unknown command.
Something hits you but does no damage.
Unknown command.
You feel less confused.
You hear some strange, mumbled words.
A puff of flame appears from out of thin air!
The puff of flame hits you!
* * * LOW HITPOINT WARNING * * *
Something hits you!
You die...

.##.#.#
#........≈≈≈≈##.#.....
.##.#.#
#...≈≈≈≈≈≈≈≈≈##.#.....
.##.#.##
##≈≈≈≈≈≈≈≈≈≈≈###.##....
.##.#..#
##≈≈≈≈≈≈≈≈≈≈###
#.#.....
.##.#..###≈≈≈≈≈≈≈≈...#
#.#.....
.##....##≈≈≈≈........#
#.#.....
.###...##≈≈≈......{..#
#.#..... .#
#...#≈≈≈#.........#
#.##....
.###...#≈≈##....@....#
#.##.... .......#≈#
#.........# #.##.###
.####..## #.........#
#.##.# ...##..#
#<.......># #.##.###
.......# ###########
#.#.....
...##'###########
####.#.....
...#............#
#....#.....
...#............#
#.####.....
...#............#
#####>.........


There were no monsters in sight!

Vanquished Creatures
  Jessica (D:2)
  A worm (D:2)
  A dart slug (D:1)
  An endoplasm (D:1)
  A giant cockroach (D:1)
  2 hobgoblins (D:1)
  5 jackals (D:1)
  A quokka (D:2)
  A ball python (D:1)
  2 bats (D:1)
  5 goblins
  A rat (D:2)
22 creatures vanquished.

Notes
Turn   | Place    | Note
-------+----------+-------------------------------------------
     0 | D:1      | issech the Troll Monk began the quest for the Orb.
     0 | D:1      | Reached XP level 1. HP: 22/22 MP: 0/0
   162 | D:1      | Reached skill level 3 in Maces & Flails
   195 | D:1      | Reached XP level 2. HP: 28/29 MP: 1/1
   436 | D:1      | Found a faded altar of an unknown god.
   757 | D:2      | Noticed Jessica
   778 | D:2      | Killed Jessica
   779 | D:2      | Reached XP level 3. HP: 8/36 MP: 2/2
  1023 | D:2      | Noticed Sigmund
  1069 | D:1      | Slain by Sigmund

Illustrated notes

Levels and vault maps discovered:
D:1:      lemuel_arrival_river_ford, layout_basic, ebering_ecumenical_altar_webs
D:2:      layout_basic, nicolae_concentric_dashed_squares_wild,
          kennysheep_cross_room, uniq_jessica, uniq_crazy_yiuf_cottage,
          uniq_sigmund

Skill      XL: |  1 |
---------------+----+-----
Maces & Flails | 3 |  3.5
Fighting       | |  2.9
Dodging        | |  2.7
Stealth        | |  1.1

Action                   || total
-------------------------++-------
Melee: Mace              ||    77
Armor: Robe              ||    36
Dodge: Dodged            ||    69
